 Dungeon Crawl Stone Soup version 0.21-a0-221-gfe971b9 (webtiles) character file.

548 Moloch the Poker (level 7, 40/57 HPs)
             Began as a Pale Draconian Fighter on Aug 26, 2017.
             Quit the game on level 5 of the Dungeon.
             The game lasted 00:05:30 (4045 turns).

Moloch the Poker (Pale Draconian Fighter)           Turns: 4045, Time: 00:05:31

Health: 40/57      AC:  7    Str: 19    XL:     7   Next: 7%
Magic:  7/7        EV: 10    Int:  8    God:
Gold:   288        SH:  9    Dex: 12    Spells: 6/6 levels left

rFire    . . .     SeeInvis .   a - +0 trident
rCold    . . .     Gourm    .   b - +0 shield
rNeg     . . .     Faith    .   (armour unavailable)
rPois    .         Spirit   .   (helmet restricted)
rElec    .         Reflect  .   z - +0 cloak
rCorr    .         Harm     .   (no gloves)
MR       .....                  (no boots)
Stlth    +.........             (no amulet)
HPRegen  0.19/turn              (no ring)
MPRegen  0.10/turn              (no ring)

@: no status effects
A: breathe steam, unfitting armour, cold-blooded, AC +6
a: Breathe Steam


You were on level 5 of the Dungeon.
You were not hungry.

You visited 1 branch of the dungeon, and saw 7 of its levels.

You collected 288 gold pieces.

Inventory:

Hand Weapons
 a - a +0 trident (weapon)
Armour
 b - a +0 shield (worn)
 z - a +0 cloak (worn)
Jewellery
 e - a +3 ring of intelligence {unknown}
 l - an uncursed ring of protection from cold {unknown}
 p - a +3 ring of slaying {unknown}
 w - an uncursed amulet of harm {unknown}
Wands
 y - a wand of paralysis (6/24)
 B - a wand of clouds (3/9)
 D - a wand of paralysis (15/24)
Scrolls
 i - 3 scrolls of identify {unknown}
 j - 3 scrolls of remove curse {unknown}
 m - 2 scrolls of immolation {unknown}
 r - a scroll of summoning {unknown}
 s - a scroll of fear {unknown}
 v - a scroll of teleportation {unknown}
 C - a scroll of fog {unknown}
Potions
 c - 4 potions of might
 f - 2 potions of curing {unknown}
 g - 3 potions of heal wounds {unknown}
 h - 3 potions of flight {unknown}
 n - 4 potions of lignification {unknown}
 o - a potion of ambrosia {unknown}
 u - 2 potions of berserk rage {unknown}
 A - a potion of brilliance {unknown}
Books
 q - a book of Misfortune

   Spells                             Type                      Level
   a - Confusing Touch                Hexes                        1
   b - Confuse                        Hexes                        3
   c - Gell's Gravitas                Translocation                3
   d - Petrify                        Transmutation/Earth          4
   e - Metabolic Englaciation         Hexes/Ice                    5
   f - Yara's Violent Unravelling     Hexes/Transmutation          5
Comestibles
 d - 5 bread rations
 k - 3 meat rations
 x - a royal jelly


   Skills:
 - Level 3.2 Fighting
 + Level 7.8 Polearms
 - Level 2.6 Dodging
 - Level 3.0 Shields


You had 6 spell levels left.
You didn't know any spells.

Dungeon Overview and Level Annotations

Branches:
Dungeon (7/15)
 Temple: D:4-7

Altars:
Dithmenos
Gozag
Sif Muna
Trog
Xom
Yredelemnul
Zin
The Shining One

Shops:
D:5 *


Innate Abilities, Weirdness & Mutations

You can breathe blasts of scalding, opaque steam.
Your pale cyan-grey scales are hard. (AC +6)
You cannot fit into any form of body armour.
You are cold-blooded and may be slowed by cold attacks.


Message History

You feel sick.
You feel sick.
You feel sick.
You feel sick.
You feel sick.
You feel sick.
You feel sick.
You feel sick.
Found 25 stones and a leather armour.
There isn't anything here!
You feel sick.
Key pressed, stopping explore.
There isn't anything here!
You feel sick.
You feel sick.
Found a robe.
A quokka comes into view.
You feel sick.
You are no longer poisoned.
Are you sure you want to abandon this character and quit the game? (Confirm with "yes".)

#...##### #.......####
#.....#....##################
#...#.####..........[........
#####.# ####################
#.####### #.......#
#######.####..# #.@....# ###
#..[..## ... ##....# .##
.....#. ........ .r.......
####### ......##.. #......
..###... #.###...... ..
...#......


You could see a quokka.

Vanquished Creatures
  A phantom (D:5)
  A bullfrog (D:7)
  A scorpion (D:5)
  A howler monkey (D:7)
  A hound (D:4)
  2 orc wizards
  A bullfrog skeleton (D:4)
  5 adders
  2 shadow imps
  2 oozes
  5 worms (D:2)
  4 dart slugs (D:1)
  4 leopard geckos
  12 orcs
  A ball python (D:2)
  5 giant cockroaches
  10 goblins
  6 hobgoblins
  2 jackals (D:1)
  7 kobolds
  2 quokkas
  8 bats
  A frilled lizard (D:5)
  9 rats
93 creatures vanquished.

Vanquished Creatures (others)
  A kobold (D:2)
1 creature vanquished.

Grand Total: 94 creatures vanquished

Notes
Turn   | Place    | Note
-------+----------+-------------------------------------------
     0 | D:1      | Moloch the Draconian Fighter began the quest for the Orb.
     0 | D:1      | Reached XP level 1. HP: 19/19 MP: 1/1
   198 | D:1      | Reached XP level 2. HP: 18/26 MP: 2/2
   370 | D:1      | Reached skill level 3 in Polearms
   554 | D:1      | Reached XP level 3. HP: 28/31 MP: 3/3
   729 | D:2      | HP: 1/31 [worm (7)]
  1036 | D:2      | Found a basalt altar of Yredelemnul.
  1038 | D:2      | Noticed a profane servitor
  1095 | D:2      | Found a glowing golden altar of the Shining One.
  1162 | D:2      | Reached skill level 4 in Polearms
  1754 | D:2      | Noticed a moth of wrath
  1757 | D:2      | Found a bloodstained altar of Trog.
  1783 | D:2      | Reached XP level 4. HP: 23/38 MP: 4/4
  2092 | D:2      | Noticed an angel
  2258 | D:3      | You fall through a shaft for 3 floors!
  2258 | D:6      | Noticed a bullfrog
  2275 | D:7      | Killed a bullfrog
  2275 | D:7      | Reached skill level 5 in Polearms
  2275 | D:7      | Reached XP level 5. HP: 8/45 MP: 5/5
  2653 | D:6      | Reached skill level 6 in Polearms
  2683 | D:6      | Noticed a necrophage
  2804 | D:5      | Entered Level 5 of the Dungeon
  3080 | D:3      | Reached XP level 6. HP: 51/51 MP: 6/6
  3531 | D:4      | Found a glowing silver altar of Zin.
  3532 | D:4      | Noticed an angel
  3537 | D:4      | Found a shimmering altar of Xom.
  3728 | D:4      | Reached skill level 7 in Polearms
  3750 | D:4      | Found a shadowy altar of Dithmenos.
  3795 | D:4      | Found a deep blue altar of Sif Muna.
  3896 | D:5      | Found Gozag's Platinum Reserve.
  3930 | D:5      | Found an opulent altar of Gozag.
  4015 | D:5      | Your scales start taking on a pale cyan-grey colour.
  4015 | D:5      | Reached XP level 7. HP: 48/57 MP: 7/7
  4045 | D:5      | Quit the game

Vault maps used:
D:1:      minmay_arrival_glassed_features, minmay_misc_feat_four_crosses
D:2:      grunt_temple_overflow_holy_war, tgw_trog
D:3:      serial_park_tiny_2
D:4:      grunt_temple_overflow_order_and_chaos_1,
          lemuel_coloured_pillars_altar, led_sif_pool
D:5:      first_bread, nicolae_gozag_zags_fifth_avenue
D:6:      minmay_temple_entry_statues_pillars
D:7:      grunt_temple_overflow_opulence, kennysheep_mini,
          nicolae_overflow_hidden_temple

Skill      XL: |  1  2  3  4  5  6 |
---------------+-------------------+-----
Polearms       | 3 4 5 6 7 |  7.8
Fighting       | |  3.2
Dodging        | |  2.6
Shields        | |  3.0

Action                   |  1- 3 |  4- 6 |  7- 9 || total
-------------------------+-------+-------+-------++-------
Melee: Trident           |   120 |   219 |       ||   339
       Tailslap          |    13 |    16 |       ||    29
 Stab: Sleeping          |     4 |     1 |       ||     5
  Eat: Chunk             |     3 |     7 |       ||    10
Armor: Skin              |    16 |    43 |       ||    59
Dodge: Dodged            |    25 |    62 |       ||    87
Block: Shield            |    28 |    82 |       ||   110

Table legend:
 A = Spawn XP
 B = Non-spawn XP
 C = Spawn XP percentage of total XP
 D = Spawn monster count
 E = Non-spawn monster count
 F = Spawn count percentage of total count
 G = Total turns spent on level
                    A         B        C        D         E        F      G
               +---------+---------+-------+---------+---------+-------+---------
         Total |      77 |     706 |   9.8 |      15 |      78 |  16.1 |  4045
               +---------+---------+-------+---------+---------+-------+---------
           D:1 |       8 |      41 |  16.3 |       3 |      20 |  13.0 |   695
           D:2 |       3 |      54 |   5.3 |       2 |      24 |   7.7 |  1453
           D:3 |       4 |      48 |   7.7 |       3 |      12 |  20.0 |   421
           D:4 |      62 |     126 |  33.0 |       7 |       9 |  43.8 |   711
           D:5 |       0 |     215 |   0.0 |       0 |       5 |   0.0 |   219
           D:6 |       0 |      61 |   0.0 |       0 |       4 |   0.0 |   181
           D:7 |       0 |     161 |   0.0 |       0 |       4 |   0.0 |   365
               +---------+---------+-------+---------+---------+-------+---------
